Map: Kairos Junction LE

Players

Woah

  • Race: Terran Terran
  • League: Diamond
  • Spawn Location: 11:00

XenoDactyl - Winner!

  • Race: Protoss Protoss
  • League: Diamond
  • Spawn Location: 5:00

VOD

Have the link to the VOD?

Description

Time

  • Played on: June 14, 2019, 11:13 p.m.
  • Length: 8:49
Show
View Real Time Build Order
Export as new Build Order

Woah Terran 

Build Orders: Reaper Expand 

Get SALT Encoding   

  12  0:01  SCV  
  13  0:13  SCV  
  14  0:17  Supply Depot  
  14  0:25  SCV  
  15  0:39  SCV  
  15  0:40  Barracks  
  16  0:45  Refinery  
  16  0:51  SCV  
  17  1:03  SCV  
  18  1:15  SCV  
  19  1:28  Orbital Command  
  19  1:29  Reaper  
  20  1:47  Command Center  
  20  1:56  Barracks  
  20  2:01  SCV  
  20  2:07  Barracks Reactor  
  21  2:12  Supply Depot  
  21  2:17  SCV  
  22  2:28  Barracks  
  22  2:36  SCV  
  22  2:44  Marine  
  22  2:45  Marine  
  23  2:59  Marine  
  23  3:02  Marine  
  24  3:11  Marine  
  24  3:20  Barracks Tech Lab  
  24  3:22  Barracks Tech Lab  
  24  3:24  Bunker  
  24  3:25  SCV  
  24  3:27  Orbital Command  
  24  3:35  Orbital Command  
  24  3:45  Marauder, Marine  
  24  3:46  Marauder, Marine  
  24  3:47  Stimpack  
  30  3:49  SCV, Refinery  
  30  3:52  Supply Depot  
  31  4:01  SCV  
  31  4:02  SCV  
  33  4:09  Combat Shield  
  33  4:13  SCV  
  34  4:17  SCV  
  34  4:19  Marauder  
  34  4:20  Supply Depot  
  34  4:21  Marauder  
  39  4:31  Marine x2  
  40  4:32  SCV  
  40  4:33  SCV  
  43  4:49  Marauder, Factory  
  45  4:55  SCV  
  45  4:56  SCV  
  47  5:04  Supply Depot  
  47  5:06  Marauder, Supply Depot, Marine x2  
  51  5:07  SCV, Supply Depot  
  51  5:10  Marauder  
  52  5:23  Marine  
  49  5:32  Marine  
  49  5:33  Marauder x2  
  50  5:43  Marine  
  49  5:50  Marine  
  49  5:54  Marauder x2  
  52  5:58  SCV  
  52  6:01  Marine  
  54  6:05  Starport  
  54  6:07  Concussive Shells  
  54  6:08  Marine  
  55  6:15  Command Center  
  49  6:29  Marauder x2, Marine x2  
  49  6:30  SCV  
  49  6:31  SCV  
  57  6:35  Engineering Bay  
  57  6:37  Factory Reactor  
  57  6:42  SCV  
  57  6:45  Refinery x2  
  57  6:46  Marine  
  59  6:50  Marine x2  
  59  6:51  Supply Depot  
  59  6:52  SCV  
  62  6:55  SCV  
  63  7:02  Engineering Bay  
  63  7:04  Liberator  
  63  7:06  SCV  
  64  7:13  Marauder x2, Marine  
  72  7:29  Supply Depot  
  70  7:30  Supply Depot  
  70  7:34  Planetary Fortress  
  40  7:53  Marauder x2, Marine x2  
  17  8:26  SCV  
Show
View Real Time Build Order
Export as new Build Order

XenoDactyl Protoss - Winner!

Build Orders:  

Get SALT Encoding   

  12  0:01  Probe  
  13  0:14  Probe  
  14  0:19  Pylon  
  14  0:26  Probe  
  15  0:39  Gateway  
  15  0:40  Probe  
  15  0:46  Assimilator  
  15  0:48  Probe  
  17  0:58  Probe  
  18  1:10  Probe  
  19  1:22  Probe  
  20  1:30  Cybernetics Core  
  20  1:39  Pylon  
  20  1:45  Nexus  
  20  1:57  Adept  
  20  1:58  Pylon  
  20  2:00  Probe  
  21  2:03  Assimilator  
  23  2:22  Robotics Facility  
  23  2:24  Probe  
  24  2:31  Adept  
  26  2:47  Probe  
  27  2:59  Probe  
  28  3:11  Probe  
  28  3:18  Stalker  
  31  3:20  Observer  
  31  3:23  Probe  
  31  3:26  Twilight Council  
  31  3:27  Probe  
  33  3:35  Probe  
  33  3:39  Warp Gate  
  34  3:47  Pylon  
  34  3:48  Immortal  
  38  3:52  Charge  
  38  3:54  Gateway  
  38  3:55  Gateway  
  38  4:08  Probe x2  
  40  4:33  Probe x2  
  40  4:36  Gateway  
  40  4:37  Gateway  
  42  4:40  Warp Prism  
  44  4:46  Gateway  
  44  4:49  Gateway  
  44  4:53  Pylon  
  44  4:57  Probe x2  
  46  5:00  Gateway  
  46  5:09  Probe x2  
  46  5:29  Stalker x2  
  46  5:31  Stalker  
  44  5:43  Stalker  
  44  5:44  Stalker  
  46  5:55  Pylon  
  44  6:05  Adept x2  
  44  6:06  Adept  
  44  6:07  Adept  
  52  6:24  Pylon  
  50  6:33  Zealot x6  
  50  6:35  Pylon  
  62  6:40  Pylon  
  62  6:44  Zealot x2  
  66  6:55  Zealot x3  
  66  6:56  Zealot x3  
  78  7:08  Pylon  
  78  7:11  Pylon  
  76  7:33  Zealot x8  
  74  7:54  Zealot x8  
  66  8:19  Stalker  
  64  8:20  Zealot x6  
Tags
 
Matchup
PvT
Replay Pack
r1
Spawn Locations
Cross Positions
Add a new tag
Caveats
  • Supply blocks, unpowered buildings, or Contaminate may cause inaccurate times.
  • Supply counts are checked every 10 seconds.